 Dungeon Crawl Stone Soup version 0.29.1-15-g9cfb28693d (webtiles) character file.

Game seed: 11728309655961189609

9868 adizb the Cleaver (level 11, -1/102 HPs)
             Began as a Minotaur Monk on Apr 19, 2023.
             Was a High Priest of Trog.
             Slain by a yak (6 damage)
             ... while petrified by a basilisk
             ... on level 2 of the Lair of Beasts.
             The game lasted 00:34:25 (6874 turns).

adizb the Cleaver (Minotaur Monk)                   Turns: 6874, Time: 00:34:25

Health: -1/102     AC: 14    Str: 19    XL:     11   Next: 28%
Magic:  10/10      EV:  2    Int:  7    God:    Trog [*****.]
Gold:   331        SH:  0    Dex: 20    Spells: 10/10 levels left

rFire   + . .      SeeInvis .   F - +6 shillelagh "Devastator" {shatter}
rCold   . . .      Faith    .   O - +0 tower shield
rNeg    + + +      Spirit   .   D - +0 chain mail {rF+}
rPois   ∞          Reflect  .   (helmet restricted)
rElec   .          Harm     .   T - scarf {repulsion}
rCorr   .          Rampage  .   k - +2 pair of gloves
Will    .....      Rage     3%  (no boots)
Stlth   ..........              J - amulet of regeneration
HPRegen 1.07/turn               n - +6 ring of dexterity
MPRegen 0.12/turn               y - ring of positive energy

@: lethally poisoned (-1 -> -1), petrified, repel missiles
A: horns 2, retaliatory headbutt, large bone plates 1, berserk 1
a: Renounce Religion, Berserk, Trog's Hand, Brothers in Arms


You were on level 2 of the Lair of Beasts.
You worshipped Trog.
Trog was extremely pleased with you.
You visited 3 branches of the dungeon, and saw 11 of its levels.
You also visited: Ossuary and Bailey.

You collected 391 gold pieces.
You spent 60 gold pieces at shops.

Inventory:

Hand Weapons
 d - a +3 vorpal flail
 i - a +3 hand axe of flaming
 F - the +6 shillelagh "Devastator" (weapon) {shatter}
   (You found it on level 6 of the Dungeon)

   It releases a powerful concussive burst when it strikes, dealing extra damage
   to the target and all other foes adjacent to them.
Missiles
 l - a boomerang of dispersal
 m - a boomerang (quivered)
 p - 6 silver boomerangs
 s - 6 javelins
Armour
 g - a +0 cloak
 k - a +2 pair of gloves (worn)
 D - a +0 chain mail of fire resistance (worn)
 O - a +0 tower shield (worn)
 R - +0 steam dragon scales
 T - a scarf of repulsion (worn)
Jewellery
 b - a ring of see invisible
 n - a +6 ring of dexterity (left hand)
 y - a ring of positive energy (right hand)
 J - an amulet of regeneration (around neck)
 K - a ring of willpower
 M - a ring of fire
 Q - a ring of protection from cold
Wands
 E - a wand of paralysis (10)
 H - a wand of mindburst (12)
 L - a wand of flame (25)
 P - a wand of iceblast (9)
Scrolls
 f - 2 scrolls of fear
 h - a scroll of magic mapping
 r - a scroll of enchant weapon
 t - 5 scrolls of blinking
 v - a scroll of silence
 w - 3 scrolls of brand weapon
 N - 3 scrolls of teleportation
 S - a scroll of immolation {unknown}
Potions
 a - a potion of magic {unknown}
 c - 2 potions of ambrosia
 e - 5 potions of haste
 j - 4 potions of attraction
 o - a potion of invisibility
 q - 2 potions of might {unknown}
 u - a potion of mutation
 x - 5 potions of brilliance {unknown}
 z - 2 potions of flight {unknown}
 A - a potion of lignification {unknown}
 B - 2 potions of degeneration {unknown}
 C - 3 potions of curing
 G - 2 potions of heal wounds {unknown}
 I - a potion of berserk rage {unknown}


   Skills:
 + Level 11.4 Fighting
 - Level 12.8(13.4) Axes
 + Level 6.4(10.5) Maces & Flails
 + Level 7.6 Armour
 - Level 3.2 Dodging
 - Level 1.5 Stealth
 * Level 9.0 Shields


You had 10 spell levels left.
You didn't know any spells.
Your spell library contained the following spells:

 Spells                   Type           Power      Damage    Failure   Level
 Frozen Ramparts          Ice            0%         1d1       100%        3
 Ozocubu's Armour         Ice            0%         N/A       100%        3
 Ice Form                 Ice/Tmut       0%         N/A       100%        4
 Summon Ice Beast         Ice/Summ       0%         N/A       100%        4
 Ozocubu's Refrigeration  Ice            0%         4d7       100%        7


Dungeon Overview and Level Annotations

Branches:
Dungeon (8/15)             Temple (1/1) D:5            Lair (2/5) D:8
 Shoals (0/4) Lair:2      Ossuary (visited)          Bailey (visited)
  Snake: Lair:2-3    Spider: Lair:2-3

Altars:
Ashenzari
Cheibriados
Dithmenos
Elyvilon
Gozag
Hepliaklqana
Kikubaaqudgha
Makhleb
Nemelex Xobeh
Ru
Sif Muna
Trog
Uskayaw
Vehumet
Wu Jian
Xom
Yredelemnul
Zin

Shops:
D:1 (:[   D:2 ?   D:5 *


Innate Abilities, Weirdness & Mutations

You have a pair of horns on your head.
You reflexively headbutt those who attack you in melee.
You are partially covered in large bone plates. (SH +4)
You sometimes lose your temper in combat.


Message History

You completely miss the yak. Your headbutt misses the yak.
The yak is severely wounded.
You feel sick. You block the cane toad's attack.
The yak gores you but does no damage. You block the basilisk's attack.
You block the yak's attack.
You hit the yak.
The yaks, the cane toad and the basilisk shudder.
You kill the yak!
Trog accepts your kill.
You kill the yak!
Trog accepts your kill.
The cane toad is almost dead.
The basilisk is heavily wounded.
You feel sick.
The cane toad stings you but does no damage.
The basilisk bites you! You block the cane toad's attack.
Your Shields skill increases to level 9!
You hit the basilisk.
The basilisk shudders.
The basilisk is severely wounded. x2
You feel sick. You block the basilisk's attack. The cane toad stings you!!
* * * LOW HITPOINT WARNING * * *
You are more poisoned.
The cane toad poisons you!
* * * LOW HITPOINT WARNING * * *
You feel very sick. The basilisk gazes at you.
You are slowing down.
You closely miss the basilisk.
The basilisk is severely wounded.
You feel extremely sick. You block the cane toad's attack.
The basilisk gazes at you.
Your limbs have turned to stone.
The cane toad stings you!
* * * LOW HITPOINT WARNING * * *
The basilisk bites you but does no damage.
You block the yak's attack.
You have turned to stone.
The cane toad stings you but does no damage.
The basilisk gazes at you. The yak gores you!
You die...

^P....... #
#...........# #
#...........### ##
#....##.......# #.
#....#P.......+ #
##..##P.....# #
#.##.#.##......###### ##
#....†Yl.......#..#.###.
#.....F@................
##.#####P.P#.###P..#####
####### #####


You could see a yak, a cane toad and a basilisk.

Vanquished Creatures
  A hydra (Lair:1)
  A two-headed ogre (Bailey)
  A merfolk siren (Lair:2)
  Joseph (D:8)
  A cane toad (Lair:2)
  2 komodo dragons (Lair:1)
  A polar bear (Lair:2)
  Grinder (D:5)
  3 spriggans (Bailey)
  11 yaks
  Eustachio (D:5)
  2 steam dragons
  2 water moccasins (Lair:1)
  Edmund (D:5)
  Duvessa (D:5)
  An orc warrior (D:6)
  2 sky beasts
  A black bear (D:5)
  4 wolves (Lair:2)
  5 centaurs
  5 ogres
  A phantom (D:6)
  2 kobold brigands
  2 bullfrogs
  A necrophage (D:7)
  4 scorpions
  3 wights (D:8)
  2 water moccasin zombies (Ossuary)
  Dowan (D:5)
  4 killer bees (D:8)
  An electric eel (Lair:2)
  2 howler monkeys
  4 jellies
  4 orc priests
  Crazy Yiuf (D:5)
  A hound (D:6)
  3 iguanas
  2 gnoll boudas (D:7)
  7 orc wizards
  3 mummies
  Robin (D:3)
  23 gnolls
  8 adders
  A shadow imp (D:6)
  A white imp (D:6)
  3 adder zombies (Ossuary)
  4 worms
  A dart slug (D:5)
  47 orcs
  9 ball pythons
  4 bats
  7 endoplasms
  6 giant cockroaches
  26 goblins
  17 hobgoblins
  3 quokkas
  5 frilled lizards
  5 gnoll zombies (Ossuary)
  6 hobgoblin zombies (Ossuary)
  24 kobolds
  3 kobold zombies (Ossuary)
  5 orc zombies (Ossuary)
  5 rats
310 creatures vanquished.

Vanquished Creatures (others)
  A plant (Lair:2)
1 creature vanquished.

Grand Total: 311 creatures vanquished

Notes
Turn   | Place    | Note
-------+----------+-------------------------------------------
     0 | D:1      | adizb the Minotaur Monk began the quest for the Orb.
     0 | D:1      | Reached XP level 1. HP: 19/19 MP: 0/0
    21 | D:1      | Found a faded altar of an unknown god.
   103 | D:1      | Reached skill level 4 in Axes
   160 | D:1      | Found Caitajy's Book Shoppe.
   206 | D:1      | Reached XP level 2. HP: 27/27 MP: 1/1
   293 | D:1      | Found Singaesm's Weapon Shoppe.
   550 | D:1      | Found Qity's Armour Shoppe.
   962 | D:2      | Reached XP level 3. HP: 32/33 MP: 2/2
  1067 | D:2      | Reached skill level 5 in Axes
  1073 | D:2      | Found Ymeots's Magic Scroll Shoppe.
  1094 | D:2      | Bought a scroll of identify for 20 gold pieces
  1094 | D:2      | Bought a scroll of identify for 20 gold pieces
  1094 | D:2      | Bought a scroll of identify for 20 gold pieces
  1463 | D:2      | Reached XP level 4. HP: 41/41 MP: 3/3
  2052 | D:3      | Noticed Robin
  2062 | D:3      | Reached skill level 6 in Axes
  2071 | D:3      | Killed Robin
  2072 | D:3      | Reached XP level 5. HP: 40/47 MP: 4/4
  2136 | D:3      | Reached skill level 5 in Fighting
  2585 | D:4      | Reached skill level 7 in Axes
  2585 | D:4      | Reached XP level 6. HP: 34/56 MP: 5/5
  2944 | D:4      | Reached skill level 8 in Axes
  3069 | D:4      | Reached XP level 7. HP: 55/63 MP: 6/6
  3142 | D:5      | Entered Level 5 of the Dungeon
  3152 | D:5      | Found a shimmering altar of Xom.
  3162 | D:5      | Found a hide-covered altar of Uskayaw.
  3202 | D:5      | Found a sand-covered staircase.
  3215 | Ossuary  | Entered an ossuary
  3465 | D:5      | Noticed Duvessa
  3466 | D:5      | Noticed Dowan
  3486 | D:5      | Killed Duvessa
  3487 | D:5      | Reached skill level 9 in Axes
  3488 | D:5      | Noticed Edmund
  3496 | D:5      | HP: 3/66 [Edmund/+3 vorpal flail (3)]
  3497 | D:5      | Gained mutation: You sometimes lose your temper in combat.
                  | [potion of mutation]
  3497 | D:5      | Gained mutation: You are partially covered in large bone
                  | plates. (SH +4) [potion of mutation]
  3501 | D:5      | Killed Edmund
  3777 | D:5      | Killed Dowan
  3778 | D:5      | Reached XP level 8. HP: 32/73 MP: 7/7
  3797 | D:5      | Found a runed translucent door.
  3798 | D:5      | Noticed Crazy Yiuf
  3966 | D:5      | Killed Crazy Yiuf
  4018 | D:5      | Reached skill level 10 in Axes
  4055 | D:5      | Noticed Grinder
  4066 | D:5      | Killed Grinder
  4230 | D:5      | Found a staircase to the Ecumenical Temple.
  4238 | Temple   | Entered the Ecumenical Temple
  4284 | Temple   | Became a worshipper of Trog the Wrathful
  4284 | Temple   | Reached * piety under Trog
  4284 | Temple   | Reached ** piety under Trog
  4341 | D:5      | Noticed Eustachio
  4369 | D:5      | Killed Eustachio
  4370 | D:5      | Reached skill level 11 in Axes
  4379 | D:5      | Found a basalt altar of Yredelemnul.
  4406 | D:5      | Found Arelax's Assorted Antiques.
  4820 | D:6      | Found the +6 shillelagh "Devastator" {shatter}
  4826 | D:6      | Reached skill level 1 in Armour
  5112 | D:6      | Reached XP level 9. HP: 82/82 MP: 8/8
  5312 | D:7      | Reached skill level 12 in Axes
  5693 | D:7      | Reached *** piety under Trog
  5938 | D:7      | Reached skill level 1 in Maces & Flails
  5938 | D:7      | Reached skill level 1 in Shields
  6079 | D:8      | Reached **** piety under Trog
  6392 | D:8      | Reached skill level 5 in Armour
  6403 | D:8      | Found a flagged portal.
  6411 | Bailey   | Entered a bailey
  6438 | Bailey   | Reached XP level 10. HP: 82/93 MP: 9/9
  6441 | Bailey   | Reached skill level 10 in Fighting
  6490 | Bailey   | Noticed a two-headed ogre
  6504 | Bailey   | Killed a two-headed ogre
  6505 | Bailey   | Reached skill level 5 in Shields
  6652 | D:8      | Found a staircase to the Lair.
  6654 | D:8      | Noticed Joseph
  6667 | D:8      | Killed Joseph
  6696 | Lair:1   | Entered Level 1 of the Lair of Beasts
  6696 | Lair:1   | Noticed an eight-headed hydra
  6702 | Lair:1   | Killed an eight-headed hydra
  6703 | Lair:1   | Reached skill level 5 in Maces & Flails
  6747 | Lair:2   | Reached ***** piety under Trog
  6748 | Lair:2   | Reached XP level 11. HP: 102/102 MP: 10/10
  6753 | Lair:1   | You fall into a shaft and drop 1 floor!
  6783 | Lair:2   | Found a staircase to the Shoals.
  6873 | Lair:2   | HP: 4/102 [cane toad (11)]
  6874 | Lair:2   | Slain by a yak

Illustrated notes

Levels and vault maps discovered:
D:1:      wheals_arrival_shading, layout_basic, ebering_ecumenical_altar_rust,
          serial_shops, shop, shop, shop
D:2:      layout_loops_ring, serial_shops, shop, serial_bayou_pond_e,
          minmay_surrounded
D:3:      corexii_shack_village, layout_rooms, uniq_robin
D:4:      layout_rooms
D:5:      layout_rooms, general_overflow_altar, amethyst_overflow_temple_binary,
          minmay_temple_entry_statues_pillars, serial_shops, shop,
          gup_ossuary_entry_pyramid, uniq_grinder, uniq_eustachio, uniq_edmund,
          uniq_crazy_yiuf_cottage, uniq_duvessa
D:6:      layout_loops_ring, abandoned_shop
D:7:      corexii_shantytown, layout_loops_ring
D:8:      layout_loops_ring, lair_entry_dummy, enter_bailey_3,
          ebering_dispersal_statue_hall, uniq_joseph
Temple:   compressed_dpeg_triangle_lava_temple
Lair:1:   layout_regular_city, beast_lair_carwin_4, grunt_megastairs_3,
          uniq_fannar
Lair:2:   layout_regular_city, elwin_shoals_entry_rooms, tgw_fedhas

Skill      XL: |  1  2  3  4  5  6  7  8  9 10 11 |
---------------+----------------------------------+-----
Axes           | 4 5 6 7 8 9 11 12 | 12.8
Fighting       | 4 5 6 7 8 9 11 | 11.4
Armour         | 2 5 7 |  7.6
Maces & Flails | 3 5 6 |  6.4
Shields        | 4 8 9 |  9.0
Dodging        | |  3.2
Stealth        | |  1.5

Action                   |  1- 3 |  4- 6 |  7- 9 | 10-12 || total
-------------------------+-------+-------+-------+-------++-------
Melee: Hand axe          |    98 |   207 |   146 |       ||   451
       Headbutt          |    15 |    43 |    68 |    16 ||   142
       Punch             |       |     1 |     6 |       ||     7
       Flail             |       |       |    49 |       ||    49
       Shillelagh        |       |       |   134 |    76 ||   210
Throw: Boomerang         |       |     4 |     4 |       ||     8
Invok: Trog's Hand       |       |       |     1 |       ||     1
  Use: Scroll            |     4 |     3 |     7 |     1 ||    15
       Potion            |       |     1 |     6 |       ||     7
 Stab: Sleeping          |     1 |       |       |       ||     1
       Invisible         |       |       |     4 |       ||     4
Armor: Robe              |     2 |       |       |       ||     2
       Ring mail         |    12 |       |       |       ||    12
       Leather armour    |     2 |       |       |       ||     2
       Scale mail        |    15 |    66 |       |       ||    81
       Chain mail        |       |    28 |   124 |    26 ||   178
Dodge: Dodged            |    58 |    90 |    95 |    16 ||   259
Block: Other             |       |       |    30 |       ||    30
       Tower shield      |       |       |    75 |    91 ||   166
